 Dungeon Crawl Stone Soup version 0.17.0-7-gfadd4cc (webtiles) character file.

540 dorian the Distorting Demonspawn (level 7, -1/52 HPs)
             Began as a Demonspawn Abyssal Knight on Nov 8, 2015.
             Was a Believer of Lugonu.
             Slain by Pikel
             ... wielding a +2 whip of flaming
              (9 damage)
             ... on level 3 of the Dungeon.
             The game lasted 00:08:26 (3647 turns).

dorian the Distorting Demonspawn (DsAK)             Turns: 3647, Time: 00:08:27

Health: -1/52      AC: 12    Str: 14    XL:     7   Next: 5%
Magic:  11/11      EV:  9    Int: 14    God:    Lugonu [**....]
Gold:   79         SH:  0    Dex: 12    Spells: 0 memorised, 6 levels left

rFire  . . .     SeeInvis .     a - +1 hand axe
rCold  . . .     Clarity  .     f - +0 scale mail
rNeg   . . .     SustAt   .     (no shield)
rPois  .         Gourm    .     (no helmet)
rElec  +         Spirit   .     (no cloak)
rCorr  .         Warding  .     (no gloves)
rMut   .         Stasis   .     k - +0 pair of boots (curse)
MR     .....                    (no amulet)
Stlth  ..........               (no ring)
                                (no ring)

@: not resistant to hostile enchantments, extremely unstealthy
A: talons 1, thin metallic scales 3, demonic guardian 1
a: Depart the Abyss, Bend Space, Renounce Religion


You were on level 3 of the Dungeon.
You worshipped Lugonu.
Lugonu was pleased with you.
You were not hungry.

You visited 1 branch of the dungeon, and saw 5 of its levels.
You visited the Abyss 1 time.

You collected 79 gold pieces.

Inventory:

Hand Weapons
 a - a +1 hand axe (weapon)
 w - a cursed -1 flail
Armour
 b - a +0 leather armour
 f - a +0 scale mail (worn)
 k - a cursed +0 pair of boots (worn)
Jewellery
 i - an uncursed amulet of inaccuracy
Scrolls
 d - 6 scrolls of identify {unknown}
 g - 2 scrolls of teleportation {unknown}
 m - 2 scrolls of fog {unknown}
 r - 4 scrolls of noise {unknown}
 u - a scroll of random uselessness {unknown}
 v - 3 scrolls of immolation {unknown}
 x - a scroll of enchant weapon {unknown}
 y - a scroll of silence {unknown}
Potions
 e - a potion of ambrosia {unknown}
 h - a potion of curing {unknown}
 n - a potion of heal wounds {unknown}
 p - a potion of resistance {unknown}
 s - a potion of degeneration {unknown}
 t - 2 potions of brilliance {unknown}
Comestibles
 c - 4 bread rations
 j - a meat ration
 l - a chunk of flesh


   Skills:
 - Level 3.0 Fighting
 + Level 4.1 Axes
 + Level 4.2 Armour
 - Level 0.8 Dodging
 + Level 6.3 Invocations


You had 6 spell levels left.
You didn't know any spells.

Dungeon Overview and Level Annotations

Branches:
Dungeon (5/15)
 Temple: D:4-7

Altars:
Gozag
Sif Muna

Shops:
D:3 *

Annotations:
D:3 Pikel


Innate Abilities, Weirdness & Mutations

You have sharp toenails.
You are completely covered in thin metallic scales (AC +4, rElec).
A weak demonic guardian rushes to your aid.


Message History

* * * LOW HITPOINT WARNING * * *
Pikel burns you.
* * * LOW HITPOINT WARNING * * *
You closely miss Pikel.
Pikel is almost dead.
Pikel hits you but does no damage.
You hit Pikel.
Pikel is almost dead.
Pikel hits you but does no damage.
You hit Pikel.
Pikel is almost dead.
Pikel hits you but does no damage.
You barely miss Pikel.
Pikel is almost dead.
Pikel says, "Slavery isn't that bad."
Pikel hits you but does no damage.
You hit Pikel but do no damage.
Pikel is almost dead.
Pikel hits you with a whip of flaming!
You die...

###### #######
###....### #.....#
#..K@....# #.....#
#........###.....####
#................)(..
#........###.....####
#........# #.[...#
###......####..###
###.....# #.##
##...## #.# ##
#P.#...# #.# #.


You could see Pikel.

Vanquished Creatures
  An ice beast (D:5)
  2 centaurs
  A scorpion (D:5)
  A hound (D:5)
  Ijyb (D:2)
  Natasha (thrice) (D:2)
  An orc wizard (D:3)
  6 adders
  A gnoll (D:5)
  An ooze (D:1)
  3 worms
  6 orcs
  10 bats
  3 goblins
  4 hobgoblins
  13 jackals
  4 kobolds
  A quokka (D:2)
  A ball python (D:1)
  4 giant cockroaches (D:1)
  4 giant geckos
  A giant newt (D:1)
  10 rats
82 creatures vanquished.

Vanquished Creatures (collateral kills)
  A crimson imp (D:3)
  A gnoll (D:5)
  A giant newt (D:5)
3 creatures vanquished.

Vanquished Creatures (others)
  A gnoll (D:5)
  4 toadstools (D:1)
5 creatures vanquished.

Grand Total: 90 creatures vanquished

Notes
Turn   | Place    | Note
--------------------------------------------------------------
     0 | Abyss:1  | dorian the Demonspawn Abyssal Knight began the quest for the Orb.
     0 | Abyss:1  | Reached XP level 1. HP: 18/18 MP: 2/2
   125 | Abyss:1  | Noticed a large abomination
   126 | D:1      | Escaped the Abyss
   224 | D:1      | Reached * piety under Lugonu
   245 | D:1      | Gained mutation: You are partially covered in thin metallic scales (AC +2). [demonic ancestry]
   245 | D:1      | Reached XP level 2. HP: 12/24 MP: 4/4
   883 | D:1      | Gained mutation: A weak demonic guardian rushes to your aid. [demonic ancestry]
   883 | D:1      | Reached XP level 3. HP: 27/29 MP: 5/5
  1331 | D:2      | Reached skill level 4 in Invocations
  1424 | D:2      | Reached ** piety under Lugonu
  1568 | D:2      | Noticed Natasha
  1576 | D:2      | Killed Natasha
  1576 | D:2      | Gained mutation: You are mostly covered in thin metallic scales (AC +3). [demonic ancestry]
  1576 | D:2      | Reached XP level 4. HP: 6/35 MP: 7/7
  1794 | D:2      | Noticed Natasha
  1800 | D:2      | Killed Natasha
  1911 | D:2      | Noticed Ijyb
  1956 | D:2      | Killed Ijyb
  1997 | D:2      | Noticed Natasha
  2078 | D:2      | Killed Natasha
  2266 | D:2      | Found a deep blue altar of Sif Muna.
  2342 | D:3      | Gained mutation: You are completely covered in thin metallic scales (AC +4, rElec). [demonic ancestry]
  2342 | D:3      | Reached XP level 5. HP: 38/41 MP: 8/8
  2467 | D:3      | Found Gozag's Platinum Reserve.
  2470 | D:3      | Found an opulent altar of Gozag.
  2493 | D:3      | Reached skill level 5 in Invocations
  2898 | D:3      | Noticed a centaur
  2909 | D:3      | Killed a centaur
  2909 | D:3      | Gained mutation: You have sharp toenails. [demonic ancestry]
  2909 | D:3      | Reached XP level 6. HP: 40/47 MP: 8/10
  2943 | D:3      | You fall through a shaft for 2 floors!
  2943 | D:5      | Entered Level 5 of the Dungeon
  2956 | D:5      | Reached *** piety under Lugonu
  3118 | D:5      | Reached skill level 6 in Invocations
  3224 | D:5      | Reached XP level 7. HP: 27/52 MP: 11/11
  3244 | D:5      | HP: 2/52 [iguana (7)]
  3597 | D:4      | Noticed Pikel
  3647 | D:3      | Slain by Pikel

Action                   |  1- 3 |  4- 6 |  7- 9 || total
-------------------------+-------+-------+-------++-------
Melee: Hand axe          |   153 |   201 |    51 ||   405
       Unarmed           |       |    10 |       ||    10
Invok: Depart the Abyss  |     1 |       |       ||     1
       Banish            |       |     1 |       ||     1
  Use: Scroll            |     1 |       |       ||     1
       Potion            |       |       |     1 ||     1
 Stab: Confused          |       |     1 |       ||     1
       Distracted        |       |     1 |       ||     1
  Eat: Chunk             |     3 |     5 |       ||     8
       Royal jelly       |       |       |     1 ||     1
